Map: Void Thrashing

Players

VamdeL

  • Race: Zerg Zerg

NamroodTuo

  • Race: Terran Terran
  • Spawn Location: 9:00

VOD

Have the link to the VOD?

Description

Time

  • Played on: Feb. 6, 2023, 12:15 p.m.
  • Length: 18:51
Show
View Real Time Build Order
Export as new Build Order

VamdeL Zerg 

Build Orders:  

Get SALT Encoding   

  12  0:16  Drone  
  12  0:17  Drone  
  14  0:44  Extractor  
  14  0:48  Extractor  
  12  0:56  Drone x2  
  12  0:59  Overlord  
  14  1:01  Overlord  
  14  1:06  Overlord  
  14  1:33  Drone x3  
  14  1:34  Drone x2  
  19  2:56  Spawning Tool  
  19  2:57  Drone  
  19  2:58  Drone  
  19  2:59  Drone  
  21  3:00  Drone  
  21  3:01  Drone x2  
  21  3:06  Pneumatized Carapace  
  24  3:14  Evolution Chamber  
  24  3:15  Drone  
  24  3:27  Zergling x2  
  25  3:49  Metabolic Boost  
  25  3:52  Zergling x6  
  25  3:57  Zerg Melee Weapons Level 1  
  28  4:21  Baneling Nest  
  28  4:23  Drone  
  28  4:24  Drone  
  28  4:26  Drone  
  30  4:37  Zergling x4  
  28  5:16  Zergling x2  
  28  5:17  Zergling x8  
  33  5:38  Zergling x4  
  35  5:58  Zergling x4  
  35  5:59  Zergling x2  
  35  6:16  Drone  
  36  6:27  Hardened Ergonergy Shield, Hydralisk Den  
  35  6:31  Anti-Centripetal Rocket Servos  
  35  6:37  Zerg Missile Weapons Level 1  
  34  7:02  Zergling x6  
  34  7:06  Overlord x3  
  37  7:10  Erudition Missile Launchers  
  37  7:30  Egonergy Enhanced Explosives  
  28  8:02  Zergling x4  
  28  8:04  Hydralisk x4  
  38  8:19  Overseer  
  38  8:25  Drone x2  
  40  8:40  Muscular Augments  
  40  8:45  Drone  
  40  8:46  Hydralisk  
  43  8:53  Hatchery  
  43  8:55  Drone  
  43  9:17  Zerg Ground Armor Level 1  
  43  9:23  Hydralisk x3  
  49  9:47  Zergling x4  
  49  9:49  Hydralisk  
  49  10:18  Hydralisk x3  
  47  10:36  Hydralisk x2  
  43  11:08  Zergling x6  
  43  11:09  Zergling x2  
  41  11:57  Zerg Melee Weapons Level 2  
  41  12:03  Overseer  
  41  12:04  Hydralisk  
  41  12:05  Hydralisk x5  
  53  12:37  Hydralisk x2  
  53  12:38  Hydralisk  
  59  12:49  Zergling x2  
  59  12:56  Drone x5  
  59  12:57  Drone  
  66  13:40  Spire  
  66  13:48  Infestation Pit  
  64  13:53  Drone x4  
  64  13:57  Overlord  
  64  13:58  Overlord  
  68  14:13  Extractor  
  68  14:16  Extractor, Drone x3  
  68  14:17  Drone x2  
  67  14:33  Zergling x8  
  54  14:55  Hydralisk x2  
  58  15:07  Zerg Missile Weapons Level 2  
  58  15:12  Infestor x2  
  62  15:23  Zergling x2  
  62  15:24  Zergling x10  
  68  16:10  Zergling x8  
  68  16:11  Zergling x4  
  68  16:14  Zergling x4  
  68  16:18  Overlord x3  
  76  17:18  Zergling x10  
  76  17:19  Zergling x2  
  81  17:22  Zergling x10  
  81  17:23  Zergling x2  
Show
View Real Time Build Order
Export as new Build Order

NamroodTuo Terran 

Build Orders:  

Get SALT Encoding   

  12  0:02  SCV  
  13  0:16  SCV  
  14  0:29  SCV  
  14  0:32  Supply Depot  
  15  0:46  SCV  
  16  1:00  SCV  
  17  1:13  Factory  
  17  1:34  SCV  
  18  1:46  Perdition Turret  
  18  1:47  Perdition Turret  
  18  1:48  SCV  
  19  2:02  SCV  
  19  2:06  Refinery  
  19  2:07  Perdition Turret  
  19  2:08  Perdition Turret  
  19  2:09  Refinery  
  20  2:15  SCV  
  21  2:29  SCV  
  22  2:47  Perdition Turret  
  18  2:50  SCV  
  23  3:10  Supply Depot  
  23  3:12  Perdition Turret  
  23  3:19  Perdition Turret  
  23  3:36  SCV  
  24  3:40  Supply Depot  
  24  3:44  Perdition Turret  
  24  3:50  SCV  
  24  3:58  Factory Tech Reactor  
  25  4:03  SCV  
  26  4:17  SCV  
  27  4:30  SCV  
  28  4:44  SCV  
  29  4:58  SCV  
  30  5:11  SCV  
  30  5:18  Armory  
  31  5:25  SCV  
  32  5:30  Command Center  
  32  5:40  SCV  
  33  5:53  SCV  
  33  5:56  Engineering Bay  
  33  5:58  Regenerative Bio-Steel  
  34  6:08  Upgrade Laser Drill Level 1  
  34  6:31  Supply Depot  
  34  6:39  SCV  
  35  6:53  SCV  
  36  7:02  Supply Depot  
  36  7:06  SCV  
  37  7:17  Thor  
  43  7:20  SCV  
  43  7:24  SCV  
  45  7:33  SCV  
  45  7:38  SCV  
  47  7:41  Refinery  
  47  7:45  Refinery  
  47  7:47  SCV  
  48  7:51  SCV  
  48  7:59  Fire-Suppression Systems  
  49  8:01  SCV  
  49  8:05  SCV  
  51  8:14  SCV  
  52  8:28  SCV  
  53  8:41  SCV, Factory  
  54  8:50  Factory  
  54  8:55  SCV  
  54  8:57  Supply Depot  
  54  8:59  KMC Auto-Loaders  
  55  9:08  SCV  
  56  9:21  Starport  
  56  9:22  SCV  
  56  9:23  Upgrade Laser Drill Level 2  
  57  9:43  Supply Depot  
  57  9:48  SCV  
  58  10:02  SCV  
  58  10:05  Terran Vehicle And Ship Armor Level 1  
  59  10:15  SCV  
  59  10:16  Supply Depot  
  60  10:24  Starport Tech Reactor  
  60  10:29  SCV  
  61  10:31  Thor  
  67  10:43  SCV  
  67  10:47  Supply Depot  
  67  10:49  Thor  
  74  10:53  Factory Tech Reactor x2  
  74  10:55  Science Vessel  
  76  11:19  Supply Depot  
  76  11:32  Structure Armor  
  76  11:36  330mm Barrage Cannon  
  76  11:39  Defensive Matrix  
  76  11:45  Thor  
  76  11:46  Thor  
  88  12:18  Thor  
  94  12:20  Science Vessel  
  94  12:22  Science Vessel  
  98  12:31  Supply Depot  
  98  12:32  Hi-Sec Auto Tracking  
  98  12:45  Terran Vehicle and Ship Weapons Level 1  
  98  13:02  Supply Depot  
  98  13:09  Improved Nano-Repair  
  98  13:11  Science Vessel  
  100  13:34  Supply Depot  
  100  13:45  Science Vessel  
  102  13:59  Science Vessel  
  104  14:05  Supply Depot  
  104  14:38  Supply Depot  
  104  15:10  Supply Depot  
  104  15:25  Advanced Optics  
  104  15:58  Thor x5  
  134  16:00  Thor  
  140  16:16  Science Vessel  
Tags
 
Commander
StetmannSwann
Matchup
Co-op
Replay Pack
Multiplayer
Add a new tag
Caveats
  • Supply blocks, unpowered buildings, or Contaminate may cause inaccurate times.
  • Supply counts are checked every 10 seconds.